2705 views
Uploaded 2021-09-18 09:09:24
Game version 1.32.10
15:52 long 4on4 ladder game on (8)GolemsInTheMist_LV
Saved by lowlyworm
2705 views
Uploaded 2021-09-18 09:09:24
Game version 1.32.10
15:52 long 4on4 ladder game on (8)GolemsInTheMist_LV


129 units @ 17.3k
/ 2.4k
66 buildings @ 10.2k
/ 3.9k


| Lesser Clarity Potion | 7 | 490 |
| Staff of Preservation | 5 | 750 |
| Potion of Healing | 3 | 450 |
| Scroll of Healing | 1 | 250 |
| Boots of Speed | 2 | 500 |
| Potion of Lesser Invulnerability | 1 | 150 |
| total: | 19 | 2590g |
| Wisp | 18 | 1080 | / | 0 |
| Archer | 17 | 2210 | / | 170 |
| Glaive Thrower | 1 | 210 | / | 65 |
| Dryad | 7 | 1015 | / | 420 |
| Druid of the Claw | 1 | 255 | / | 80 |
| Goblin Shredder | 1 | 375 | / | 100 |
| total: | 45 | 5145g | / | 835w |
| Moon Well | 6 | 1080 | / | 240 |
| Altar of Elders | 2 | 360 | / | 100 |
| Ancient of War | 3 | 450 | / | 180 |
| Ancient of Wonders | 1 | 90 | / | 30 |
| Hunter's Hall | 2 | 420 | / | 200 |
| Tree of Life | 1 | 340 | / | 185 |
| Ancient of Lore | 3 | 465 | / | 435 |
| Tree of Ages | 4 | 1280 | / | 720 |
| Tree of Eternity | 1 | 330 | / | 200 |
| total: | 18 | 3205g | / | 1370w |
| 0:03 | Wisp |
| 0:03 | Wisp |
| 0:14 | Moon Well |
| 0:15 | Altar of Elders |
| 0:18 | Wisp |
| 0:29 | Wisp |
| 0:29 | Wisp |
| 0:51 | Wisp |
| 1:13 | Wisp |
| 1:19 | Moon Well |
| 1:26 | Wisp |
| 1:26 | Wisp |
| 1:42 | Ancient of War |
| 1:47 | Wisp |
| 2:14 | Force of Nature |
| 2:18 | Ancient of War |
| 2:29 | Wisp |
| 2:29 | Wisp |
| 2:29 | Wisp |
| 2:48 | Archer |
| 2:49 | Archer |
| 3:11 | Tree of Ages |
| 3:18 | Archer |
| 3:46 | Archer |
| 4:04 | Moon Well |
| 4:07 | Entangling Roots |
| 4:36 | Moon Well |
| 5:05 | Archer |
| 5:34 | Goblin Shredder |
| 5:38 | Ancient of Wonders |
| 5:42 | Hunter's Hall |
| 5:52 | Tree of Life |
| 6:01 | Improved Bows |
| 6:05 | Force of Nature |
| 6:57 | Archer |
| 7:15 | Archer |
| 7:38 | Searing Arrows |
| 7:41 | Lesser Clarity Potion |
| 7:41 | Lesser Clarity Potion |
| 7:41 | Lesser Clarity Potion |
| 7:41 | Lesser Clarity Potion |
| 7:41 | Lesser Clarity Potion |
| 7:43 | Staff of Preservation |
| 7:56 | Wisp |
| 8:00 | Ultravision |
| 8:03 | Ancient of Lore |
| 8:43 | Archer |
| 8:44 | Strength of the Moon |
| 8:53 | Archer |
| 8:59 | Moon Well |
| 9:04 | Ancient of Lore |
| 9:28 | Archer |
| 9:29 | Glaive Thrower |
| 9:31 | Moon Armor |
| 9:35 | Abolish Magic |
| 10:15 | Archer |
| 10:16 | Improved Strength of the Moon |
| 10:27 | Archer |
| 10:28 | Dryad |
| 10:29 | Dryad |
| 10:49 | Moon Well |
| 10:56 | Tree of Eternity |
| 11:00 | Lesser Clarity Potion |
| 11:01 | Potion of Healing |
| 11:01 | Potion of Healing |
| 11:09 | Staff of Preservation |
| 11:09 | Staff of Preservation |
| 11:09 | Staff of Preservation |
| 11:09 | Staff of Preservation |
| 11:33 | Dryad |
| 11:33 | Druid of the Claw Adept Training |
| 11:34 | Archer |
| 12:06 | Archer |
| 12:07 | Dryad |
| 12:07 | Dryad |
| 12:08 | Improved Moon Armor |
| 12:13 | Potion of Healing |
| 12:41 | Trueshot Aura |
| 12:43 | Dryad |
| 12:43 | Dryad |
| 12:43 | Archer |
| 12:53 | Entangling Roots |
| 12:56 | Archer |
| 12:58 | Strength of the Wild |
| 13:03 | Ancient of War |
| 13:17 | Lesser Clarity Potion |
| 13:36 | Well Spring |
| 13:39 | Ancient of Lore |
| 13:51 | Advanced Strength of the Moon |
| 13:55 | Wisp |
| 13:55 | Wisp |
| 13:59 | Wisp |
| 13:59 | Wisp |
| 14:29 | Boots of Speed |
| 14:33 | Boots of Speed |
| 14:33 | Scroll of Healing |
| 14:33 | Potion of Lesser Invulnerability |
| 14:44 | Hunter's Hall |
| 14:46 | Druid of the Claw Master Training |
| 14:47 | Marksmanship |
| 14:49 | Improved Strength of the Wild |
| 14:59 | Altar of Elders |
| 15:40 | Trueshot Aura |
| 15:41 | Mark of the Claw |
| 15:42 | Druid of the Claw |
| 15:42 | Archer |
| 15:43 | Advanced Moon Armor |
| Right click | 608 |
| Select | 318 |
| Select group | 263 |
| Misc. action | 171 |
| Build/train/purchase | 107 |
| Use ability | 55 |
| Assign group | 25 |
| Item give/drop | 2 |
| Remove unit | 1 |
| Esc | 1 |
| Minimap ping | 1 |


| Healing Salve | 4 | 400 |
| Scroll of Speed | 1 | 50 |
| Lesser Clarity Potion | 2 | 140 |
| Potion of Mana | 1 | 200 |
| Orb of Lightning | 1 | 375 |
| Scroll of Town Portal | 4 | 1400 |
| Boots of Speed | 1 | 250 |
| Circlet of Nobility | 1 | 175 |
| total: | 15 | 2990g |
| Peon | 8 | 600 | / | 0 |
| Troll Headhunter | 10 | 1400 | / | 200 |
| Troll Berserker | 1 | 140 | / | 20 |
| Goblin Zeppelin | 1 | 240 | / | 60 |
| Forest Troll Shadow Priest | 1 | 195 | / | 10 |
| total: | 21 | 2575g | / | 290w |
| Watch Tower | 1 | 110 | / | 80 |
| Orc Burrow | 7 | 1120 | / | 280 |
| War Mill | 1 | 205 | / | 0 |
| Barracks | 2 | 360 | / | 100 |
| Altar of Storms | 1 | 180 | / | 50 |
| Voodoo Lounge | 1 | 130 | / | 30 |
| Great Hall | 1 | 385 | / | 185 |
| Spirit Lodge | 2 | 300 | / | 300 |
| Stronghold | 1 | 315 | / | 190 |
| Fortress | 1 | 325 | / | 190 |
| total: | 16 | 2790g | / | 1025w |
| 0:02 | Peon |
| 0:02 | Peon |
| 0:03 | Peon |
| 0:20 | Orc Burrow |
| 0:26 | Orc Burrow |
| 0:35 | War Mill |
| 0:45 | Peon |
| 0:50 | Barracks |
| 0:55 | Peon |
| 1:05 | Altar of Storms |
| 1:20 | Peon |
| 1:29 | Peon |
| 1:38 | Orc Burrow |
| 1:49 | Peon |
| 1:52 | Troll Headhunter |
| 2:10 | Voodoo Lounge |
| 2:18 | Troll Headhunter |
| 2:35 | Troll Headhunter |
| 3:08 | Endurance Aura |
| 3:08 | Troll Headhunter |
| 3:27 | Stronghold |
| 3:28 | Healing Salve |
| 3:32 | Scroll of Speed |
| 4:00 | Troll Headhunter |
| 4:10 | Troll Headhunter |
| 4:14 | Barracks |
| 4:26 | Orc Burrow |
| 4:33 | War Stomp |
| 4:41 | Forest Troll Shadow Priest |
| 5:17 | Troll Headhunter |
| 5:58 | Boots of Speed |
| 5:58 | Circlet of Nobility |
| 6:28 | Healing Salve |
| 7:15 | Orc Burrow |
| 7:19 | War Stomp |
| 7:23 | Troll Regeneration |
| 7:38 | Scroll of Town Portal |
| 8:11 | Troll Headhunter |
| 8:15 | Healing Salve |
| 8:19 | Hex |
| 8:23 | Lesser Clarity Potion |
| 8:44 | Troll Headhunter |
| 9:10 | Fortress |
| 10:53 | Troll Headhunter |
| 10:55 | Healing Salve |
| 11:01 | Lesser Clarity Potion |
| 11:05 | Goblin Zeppelin |
| 11:29 | Scroll of Town Portal |
| 11:55 | Berserker Upgrade |
| 12:18 | Great Hall |
| 12:43 | Endurance Aura |
| 12:52 | Healing Wave |
| 13:23 | Scroll of Town Portal |
| 13:23 | Potion of Mana |
| 14:10 | Orc Burrow |
| 14:12 | Watch Tower |
| 14:26 | Scroll of Town Portal |
| 14:29 | Orb of Lightning |
| 14:46 | Orc Burrow |
| 15:35 | Healing Wave |
| 15:47 | Troll Berserker |
| 15:49 | Spirit Lodge |
| 15:51 | Spirit Lodge |
| Right click | 848 |
| Select group | 696 |
| Select | 328 |
| Misc. action | 147 |
| Build/train/purchase | 86 |
| Use ability | 58 |
| Assign group | 35 |
| Item give/drop | 9 |
| Resource trade | 5 |
| Esc | 1 |


| Sacrificial Skull | 1 | 50 |
| Rod of Necromancy | 1 | 150 |
| Ritual Dagger | 1 | 125 |
| Potion of Healing | 1 | 150 |
| Potion of Mana | 2 | 400 |
| Lesser Clarity Potion | 1 | 70 |
| Dust of Appearance | 1 | 75 |
| Scroll of Town Portal | 1 | 350 |
| total: | 9 | 1370g |
| Acolyte | 8 | 600 | / | 0 |
| Ghoul | 8 | 960 | / | 0 |
| Crypt Fiend | 11 | 2365 | / | 440 |
| Obsidian Statue | 3 | 600 | / | 105 |
| Abomination | 1 | 240 | / | 70 |
| Frost Wyrm | 1 | 385 | / | 120 |
| total: | 32 | 5150g | / | 735w |
| Crypt | 1 | 200 | / | 50 |
| Ziggurat | 5 | 750 | / | 250 |
| Altar of Darkness | 1 | 180 | / | 50 |
| Graveyard | 1 | 215 | / | 0 |
| Tomb of Relics | 1 | 130 | / | 30 |
| Necropolis | 2 | 450 | / | 0 |
| Slaughterhouse | 1 | 140 | / | 135 |
| Boneyard | 2 | 350 | / | 400 |
| Halls of the Dead | 1 | 320 | / | 210 |
| Black Citadel | 1 | 325 | / | 230 |
| total: | 14 | 2415g | / | 915w |
| 0:04 | Acolyte |
| 0:04 | Acolyte |
| 0:16 | Crypt |
| 0:20 | Ziggurat |
| 0:36 | Altar of Darkness |
| 0:59 | Graveyard |
| 1:19 | Ghoul |
| 1:19 | Ghoul |
| 1:19 | Ghoul |
| 1:19 | Ghoul |
| 1:19 | Ghoul |
| 1:32 | Ghoul |
| 1:39 | Tomb of Relics |
| 1:54 | Ghoul |
| 2:10 | Ziggurat |
| 2:19 | Ghoul |
| 2:40 | Carrion Beetles |
| 2:47 | Sacrificial Skull |
| 2:47 | Dust of Appearance |
| 3:14 | Acolyte |
| 3:15 | Crypt Fiend |
| 3:17 | Ziggurat |
| 3:55 | Crypt Fiend |
| 4:08 | Impale |
| 4:30 | Crypt Fiend |
| 4:42 | Necropolis |
| 5:22 | Carrion Beetles |
| 6:08 | Crypt Fiend |
| 6:10 | Halls of the Dead |
| 6:11 | Crypt Fiend |
| 6:16 | Rod of Necromancy |
| 6:18 | Ritual Dagger |
| 6:42 | Crypt Fiend |
| 6:50 | Ziggurat |
| 8:03 | Crypt Fiend |
| 8:03 | Crypt Fiend |
| 8:07 | Ziggurat |
| 8:51 | Acolyte |
| 9:04 | Slaughterhouse |
| 9:11 | Black Citadel |
| 9:26 | Web |
| 10:10 | Death Coil |
| 10:11 | Potion of Healing |
| 10:11 | Potion of Mana |
| 11:18 | Obsidian Statue |
| 11:18 | Obsidian Statue |
| 11:31 | Necropolis |
| 12:45 | Abomination |
| 12:46 | Crypt Fiend |
| 12:47 | Acolyte |
| 12:47 | Acolyte |
| 12:48 | Acolyte |
| 13:29 | Destroyer Form |
| 13:30 | Crypt Fiend |
| 13:33 | Acolyte |
| 14:07 | Lesser Clarity Potion |
| 14:08 | Potion of Mana |
| 14:10 | Scroll of Town Portal |
| 14:24 | Boneyard |
| 14:25 | Boneyard |
| 14:54 | Obsidian Statue |
| 14:54 | Crypt Fiend |
| 15:00 | Creature Attack |
| 15:36 | Impale |
| 15:52 | Frost Wyrm |
| Right click | 504 |
| Select | 382 |
| Select group | 171 |
| Misc. action | 156 |
| Build/train/purchase | 79 |
| Assign group | 31 |
| Use ability | 20 |
| Item give/drop | 7 |
| Esc | 2 |


| Scroll of Regeneration | 3 | 300 |
| Scroll of Town Portal | 2 | 700 |
| total: | 5 | 1000g |
| Peasant | 10 | 750 | / | 0 |
| Footman | 11 | 1485 | / | 0 |
| Knight | 8 | 1960 | / | 480 |
| Priest | 2 | 270 | / | 20 |
| total: | 31 | 4465g | / | 500w |
| Scout Tower | 2 | 60 | / | 40 |
| Arcane Tower | 1 | 70 | / | 50 |
| Guard Tower | 1 | 70 | / | 50 |
| Barracks | 2 | 320 | / | 120 |
| Farm | 9 | 720 | / | 180 |
| Altar of Kings | 1 | 180 | / | 50 |
| Lumber Mill | 1 | 120 | / | 0 |
| Arcane Vault | 1 | 130 | / | 30 |
| Blacksmith | 1 | 140 | / | 60 |
| Arcane Sanctum | 1 | 150 | / | 140 |
| Keep | 1 | 320 | / | 210 |
| Castle | 1 | 360 | / | 210 |
| total: | 18 | 1820g | / | 620w |
| 0:03 | Peasant |
| 0:03 | Peasant |
| 0:03 | Peasant |
| 0:23 | Barracks |
| 0:44 | Peasant |
| 0:44 | Peasant |
| 0:46 | Farm |
| 0:54 | Altar of Kings |
| 1:01 | Peasant |
| 1:01 | Peasant |
| 1:07 | Farm |
| 1:30 | Footman |
| 1:30 | Footman |
| 1:38 | Footman |
| 1:46 | Farm |
| 2:08 | Footman |
| 2:29 | Scout Tower |
| 2:35 | Footman |
| 2:41 | Lumber Mill |
| 2:45 | Footman |
| 2:56 | Summon Water Elemental |
| 3:02 | Keep |
| 3:16 | Arcane Tower |
| 3:52 | Arcane Vault |
| 4:04 | Footman |
| 4:04 | Footman |
| 4:06 | Farm |
| 4:14 | Blacksmith |
| 4:29 | Defend |
| 4:34 | Brilliance Aura |
| 5:04 | Scout Tower |
| 5:06 | Scroll of Regeneration |
| 5:06 | Scroll of Regeneration |
| 5:15 | Footman |
| 5:22 | Footman |
| 5:39 | Guard Tower |
| 5:42 | Farm |
| 5:59 | Improved Lumber Harvesting |
| 6:25 | Storm Bolt |
| 6:29 | Castle |
| 6:32 | Farm |
| 6:34 | Footman |
| 7:33 | Scroll of Town Portal |
| 7:57 | Barracks |
| 8:01 | Arcane Sanctum |
| 8:50 | Summon Water Elemental |
| 9:00 | Peasant |
| 9:00 | Peasant |
| 9:00 | Peasant |
| 9:25 | Farm |
| 9:27 | Animal War Training |
| 9:29 | Knight |
| 10:32 | Thunder Clap |
| 10:38 | Thunder Clap |
| 10:50 | Farm |
| 11:00 | Knight |
| 11:03 | Priest |
| 11:03 | Priest |
| 11:08 | Priest Adept Training |
| 11:34 | Knight |
| 11:41 | Farm |
| 12:09 | Knight |
| 12:32 | Scroll of Regeneration |
| 12:40 | Knight |
| 13:19 | Knight |
| 13:38 | Scroll of Town Portal |
| 13:49 | Iron Forged Swords |
| 14:28 | Iron Plating |
| 14:35 | Knight |
| 15:28 | Knight |
| Right click | 682 |
| Select group | 639 |
| Select | 274 |
| Build/train/purchase | 87 |
| Misc. action | 36 |
| Assign group | 30 |
| Use ability | 9 |
| Item give/drop | 3 |
115 units @ 16.7k
/ 2.1k
76 buildings @ 10.4k
/ 4.7k

| Healing Salve | 2 | 200 |
| Lesser Clarity Potion | 2 | 140 |
| Potion of Mana | 1 | 200 |
| Scroll of Town Portal | 1 | 350 |
| total: | 6 | 890g |
| Peon | 12 | 900 | / | 0 |
| Grunt | 5 | 1000 | / | 0 |
| Raider | 9 | 1620 | / | 360 |
| Demolisher | 1 | 220 | / | 50 |
| total: | 27 | 3740g | / | 410w |
| Watch Tower | 3 | 330 | / | 240 |
| Orc Burrow | 9 | 1440 | / | 360 |
| Altar of Storms | 1 | 180 | / | 50 |
| Barracks | 1 | 180 | / | 50 |
| Voodoo Lounge | 1 | 130 | / | 30 |
| War Mill | 1 | 205 | / | 0 |
| Beastiary | 2 | 290 | / | 280 |
| Spirit Lodge | 1 | 150 | / | 150 |
| Tauren Totem | 2 | 270 | / | 310 |
| Stronghold | 1 | 315 | / | 190 |
| Fortress | 1 | 325 | / | 190 |
| total: | 21 | 3175g | / | 1470w |
| 0:10 | Peon |
| 0:10 | Peon |
| 0:10 | Peon |
| 0:10 | Peon |
| 0:27 | Orc Burrow |
| 0:42 | Altar of Storms |
| 0:46 | Peon |
| 0:57 | Barracks |
| 1:00 | Peon |
| 1:12 | Peon |
| 1:13 | Peon |
| 1:13 | Peon |
| 1:38 | Orc Burrow |
| 1:48 | Peon |
| 1:58 | Grunt |
| 2:04 | Voodoo Lounge |
| 2:24 | Grunt |
| 2:38 | Peon |
| 2:46 | Serpent Ward |
| 2:57 | Grunt |
| 2:58 | Peon |
| 3:30 | Stronghold |
| 3:51 | War Mill |
| 3:53 | Healing Salve |
| 4:04 | Lesser Clarity Potion |
| 4:16 | Orc Burrow |
| 4:42 | Healing Wave |
| 5:19 | Orc Burrow |
| 5:57 | Grunt |
| 6:01 | Beastiary |
| 6:02 | Beastiary |
| 6:46 | Orc Burrow |
| 6:49 | Orc Burrow |
| 7:43 | Ensnare |
| 7:43 | Raider |
| 7:43 | Raider |
| 9:03 | Raider |
| 9:05 | Watch Tower |
| 9:07 | Reinforced Defenses |
| 9:17 | Scroll of Town Portal |
| 9:17 | Healing Salve |
| 9:27 | Raider |
| 9:30 | Watch Tower |
| 10:17 | Potion of Mana |
| 10:18 | Lesser Clarity Potion |
| 10:19 | Serpent Ward |
| 10:25 | Orc Burrow |
| 11:33 | Orc Burrow |
| 11:37 | Orc Burrow |
| 12:11 | Raider |
| 12:13 | Grunt |
| 12:31 | Healing Wave |
| 12:57 | Raider |
| 13:08 | Spirit Lodge |
| 13:11 | Tauren Totem |
| 13:18 | Tauren Totem |
| 13:21 | Watch Tower |
| 14:27 | Demolisher |
| 14:39 | Witch Doctor Adept Training |
| 14:43 | Fortress |
| 14:59 | Raider |
| 15:00 | Raider |
| 15:35 | Raider |
| Right click | 416 |
| Select group | 217 |
| Select | 204 |
| Use ability | 64 |
| Build/train/purchase | 52 |
| Misc. action | 48 |
| Assign group | 42 |
| Chat | 6 |
| Esc | 3 |
| Item give/drop | 1 |
| Minimap ping | 1 |



| Lesser Clarity Potion | 1 | 70 |
| Scroll of Regeneration | 1 | 100 |
| Staff of Sanctuary | 1 | 250 |
| Scroll of Town Portal | 1 | 350 |
| Circlet of Nobility | 1 | 175 |
| Boots of Speed | 1 | 250 |
| total: | 6 | 1195g |
| Peasant | 12 | 900 | / | 0 |
| Spell Breaker | 7 | 1505 | / | 210 |
| Goblin Shredder | 2 | 750 | / | 200 |
| total: | 21 | 3155g | / | 410w |
| Scout Tower | 8 | 240 | / | 160 |
| Arcane Tower | 3 | 210 | / | 150 |
| Guard Tower | 5 | 350 | / | 250 |
| Altar of Kings | 1 | 180 | / | 50 |
| Farm | 8 | 640 | / | 160 |
| Lumber Mill | 1 | 120 | / | 0 |
| Arcane Vault | 3 | 390 | / | 90 |
| Town Hall | 1 | 385 | / | 205 |
| Blacksmith | 1 | 140 | / | 60 |
| Arcane Sanctum | 2 | 300 | / | 280 |
| Keep | 1 | 320 | / | 210 |
| Castle | 1 | 360 | / | 210 |
| total: | 25 | 2395g | / | 1005w |
| 0:02 | Peasant |
| 0:02 | Peasant |
| 0:03 | Peasant |
| 0:19 | Altar of Kings |
| 0:34 | Farm |
| 0:36 | Peasant |
| 0:44 | Peasant |
| 1:07 | Peasant |
| 1:19 | Peasant |
| 1:26 | Farm |
| 1:47 | Scout Tower |
| 1:49 | Peasant |
| 1:54 | Lumber Mill |
| 1:57 | Peasant |
| 2:13 | Arcane Tower |
| 2:14 | Scout Tower |
| 2:25 | Summon Water Elemental |
| 2:35 | Peasant |
| 2:53 | Keep |
| 3:08 | Farm |
| 3:11 | Guard Tower |
| 3:16 | Arcane Vault |
| 3:48 | Brilliance Aura |
| 4:08 | Farm |
| 4:22 | Scout Tower |
| 4:36 | Farm |
| 4:45 | Improved Masonry |
| 4:52 | Guard Tower |
| 5:03 | Goblin Shredder |
| 5:03 | Goblin Shredder |
| 5:28 | Scout Tower |
| 5:29 | Scout Tower |
| 5:32 | Scout Tower |
| 5:53 | Summon Water Elemental |
| 5:56 | Arcane Sanctum |
| 5:58 | Arcane Sanctum |
| 6:22 | Guard Tower |
| 6:22 | Scout Tower |
| 6:24 | Scout Tower |
| 6:32 | Farm |
| 6:33 | Farm |
| 6:43 | Advanced Masonry |
| 6:51 | Arcane Tower |
| 6:54 | Town Hall |
| 6:55 | Guard Tower |
| 7:11 | Spell Breaker |
| 7:13 | Farm |
| 7:24 | Lesser Clarity Potion |
| 7:44 | Arcane Vault |
| 7:47 | Arcane Vault |
| 8:01 | Magic Sentry |
| 8:10 | Storm Bolt |
| 8:47 | Spell Breaker |
| 9:20 | Castle |
| 9:42 | Spell Breaker |
| 9:57 | Spell Breaker |
| 10:29 | Bash |
| 10:33 | Spell Breaker |
| 10:51 | Spell Breaker |
| 11:02 | Brilliance Aura |
| 11:58 | Scroll of Town Portal |
| 11:59 | Circlet of Nobility |
| 12:22 | Storm Bolt |
| 12:37 | Spell Breaker |
| 13:23 | Blacksmith |
| 14:02 | Boots of Speed |
| 14:10 | Scroll of Regeneration |
| 14:10 | Staff of Sanctuary |
| 14:39 | Peasant |
| 14:39 | Peasant |
| 14:44 | Holy Light |
| Right click | 1057 |
| Select group | 424 |
| Assign group | 413 |
| Select | 327 |
| Chat | 96 |
| Build/train/purchase | 93 |
| Misc. action | 35 |
| Use ability | 19 |
| Item give/drop | 5 |
| Minimap ping | 3 |
| Esc | 2 |


| Healing Salve | 3 | 300 |
| Lesser Clarity Potion | 4 | 280 |
| Scroll of Speed | 2 | 100 |
| Orb of Lightning | 1 | 375 |
| Potion of Healing | 3 | 450 |
| Potion of Mana | 1 | 200 |
| Scroll of Town Portal | 3 | 1050 |
| Boots of Speed | 1 | 250 |
| total: | 18 | 3005g |
| Peon | 8 | 600 | / | 0 |
| Troll Headhunter | 10 | 1400 | / | 200 |
| Troll Berserker | 3 | 420 | / | 60 |
| Grunt | 1 | 200 | / | 0 |
| Spirit Walker | 3 | 585 | / | 105 |
| Demolisher | 1 | 220 | / | 50 |
| Goblin Zeppelin | 4 | 960 | / | 240 |
| Goblin Shredder | 3 | 1125 | / | 300 |
| total: | 33 | 5510g | / | 955w |
| Watch Tower | 6 | 660 | / | 480 |
| Altar of Storms | 1 | 180 | / | 50 |
| Orc Burrow | 3 | 480 | / | 120 |
| War Mill | 1 | 205 | / | 0 |
| Barracks | 1 | 180 | / | 50 |
| Voodoo Lounge | 1 | 130 | / | 30 |
| Great Hall | 1 | 385 | / | 185 |
| Tauren Totem | 1 | 135 | / | 155 |
| Spirit Lodge | 1 | 150 | / | 150 |
| Stronghold | 4 | 1260 | / | 760 |
| Fortress | 2 | 650 | / | 380 |
| total: | 16 | 2505g | / | 1220w |
| 0:02 | Peon |
| 0:02 | Peon |
| 0:18 | Altar of Storms |
| 0:26 | Peon |
| 0:29 | Orc Burrow |
| 0:33 | Peon |
| 0:53 | War Mill |
| 1:06 | Barracks |
| 1:11 | Peon |
| 1:27 | Peon |
| 1:44 | Orc Burrow |
| 2:03 | Voodoo Lounge |
| 2:07 | Peon |
| 2:09 | Troll Headhunter |
| 2:09 | Troll Headhunter |
| 2:09 | Troll Headhunter |
| 2:09 | Troll Headhunter |
| 2:26 | War Stomp |
| 2:35 | Troll Headhunter |
| 2:45 | Troll Headhunter |
| 3:16 | Troll Headhunter |
| 3:51 | Troll Headhunter |
| 3:54 | Endurance Aura |
| 3:59 | Stronghold |
| 3:59 | Stronghold |
| 4:04 | Healing Salve |
| 4:04 | Lesser Clarity Potion |
| 4:05 | Scroll of Speed |
| 4:21 | Troll Headhunter |
| 4:22 | Orc Burrow |
| 4:40 | Steel Ranged Weapons |
| 4:40 | Thorium Ranged Weapons |
| 5:57 | Troll Headhunter |
| 6:23 | Boots of Speed |
| 6:43 | Reinforced Defenses |
| 7:02 | Fortress |
| 7:05 | Scroll of Town Portal |
| 7:33 | Goblin Zeppelin |
| 7:33 | Goblin Zeppelin |
| 7:33 | Goblin Zeppelin |
| 7:33 | Goblin Zeppelin |
| 7:51 | Watch Tower |
| 8:15 | Great Hall |
| 8:48 | War Stomp |
| 9:02 | Scroll of Town Portal |
| 9:02 | Scroll of Speed |
| 9:02 | Lesser Clarity Potion |
| 9:03 | Healing Salve |
| 9:18 | Healing Wave |
| 9:18 | Healing Wave |
| 9:18 | Healing Wave |
| 9:26 | Orb of Lightning |
| 9:28 | Berserker Upgrade |
| 10:14 | Potion of Healing |
| 10:48 | Troll Berserker |
| 10:48 | Troll Berserker |
| 11:19 | Healing Salve |
| 11:30 | Lesser Clarity Potion |
| 11:46 | Scroll of Town Portal |
| 11:51 | Potion of Healing |
| 12:03 | Peon |
| 12:12 | Lesser Clarity Potion |
| 12:16 | Potion of Healing |
| 12:18 | Potion of Mana |
| 12:37 | Goblin Shredder |
| 12:37 | Goblin Shredder |
| 12:37 | Goblin Shredder |
| 12:43 | Watch Tower |
| 13:11 | Troll Berserker |
| 13:13 | Tauren Totem |
| 13:28 | Spirit Lodge |
| 14:18 | Grunt |
| 14:51 | Witch Doctor Adept Training |
| 14:54 | Spirit Walker |
| 14:59 | Watch Tower |
| 15:01 | Watch Tower |
| 15:23 | Watch Tower |
| 15:24 | Watch Tower |
| 15:26 | Demolisher |
| 15:46 | Spirit Walker |
| 15:46 | Spirit Walker |
| Right click | 642 |
| Select group | 495 |
| Select | 283 |
| Chat | 281 |
| Build/train/purchase | 146 |
| Use ability | 43 |
| Assign group | 35 |
| Misc. action | 15 |
| Minimap ping | 6 |
| Item give/drop | 4 |
| Esc | 1 |



| Potion of Healing | 1 | 150 |
| Lesser Clarity Potion | 2 | 140 |
| Scroll of Town Portal | 2 | 700 |
| total: | 5 | 990g |
| Wisp | 11 | 660 | / | 0 |
| Archer | 10 | 1300 | / | 100 |
| Huntress | 7 | 1365 | / | 140 |
| Hippogryph | 6 | 960 | / | 120 |
| total: | 34 | 4285g | / | 360w |
| Altar of Elders | 1 | 180 | / | 50 |
| Moon Well | 6 | 1080 | / | 240 |
| Ancient of War | 2 | 300 | / | 120 |
| Hunter's Hall | 1 | 210 | / | 100 |
| Ancient of Wonders | 1 | 90 | / | 30 |
| Ancient of Wind | 3 | 450 | / | 420 |
| Tree of Ages | 2 | 640 | / | 360 |
| Tree of Eternity | 1 | 330 | / | 200 |
| total: | 14 | 2310g | / | 960w |
| 0:04 | Wisp |
| 0:04 | Wisp |
| 0:12 | Altar of Elders |
| 0:22 | Moon Well |
| 0:27 | Wisp |
| 0:44 | Wisp |
| 0:51 | Ancient of War |
| 0:55 | Wisp |
| 1:07 | Wisp |
| 1:10 | Wisp |
| 1:32 | Wisp |
| 1:39 | Moon Well |
| 2:01 | Archer |
| 2:02 | Wisp |
| 2:06 | Moon Well |
| 2:32 | Archer |
| 2:38 | Hunter's Hall |
| 2:54 | Healing Spray |
| 3:18 | Archer |
| 3:23 | Wisp |
| 3:23 | Wisp |
| 3:28 | Moon Well |
| 3:37 | Ancient of Wonders |
| 3:51 | Huntress |
| 4:18 | Tree of Ages |
| 4:33 | Archer |
| 5:13 | Huntress |
| 5:14 | Huntress |
| 5:19 | Strength of the Wild |
| 5:19 | Improved Strength of the Wild |
| 5:19 | Advanced Strength of the Wild |
| 5:38 | Acid Bomb |
| 6:23 | Huntress |
| 6:25 | Reinforced Hides |
| 6:44 | Tree of Eternity |
| 6:46 | Huntress |
| 8:10 | Moon Well |
| 8:17 | Ancient of Wind |
| 8:21 | Ancient of Wind |
| 8:44 | Scroll of Town Portal |
| 8:45 | Potion of Healing |
| 8:46 | Lesser Clarity Potion |
| 8:57 | Huntress |
| 8:57 | Huntress |
| 9:12 | Moon Well |
| 10:26 | Chemical Rage |
| 11:06 | Summon Lava Spawn |
| 11:08 | Cleaving Attack |
| 11:36 | Hippogryph |
| 11:36 | Hippogryph |
| 11:36 | Hippogryph |
| 11:36 | Hippogryph |
| 11:36 | Hippogryph |
| 11:37 | Hippogryph |
| 12:20 | Healing Spray |
| 12:41 | Improved Reinforced Hides |
| 12:43 | Archer |
| 12:43 | Archer |
| 12:43 | Archer |
| 12:43 | Archer |
| 13:17 | Ancient of War |
| 13:22 | Ancient of Wind |
| 13:28 | Lesser Clarity Potion |
| 13:56 | Archer |
| 14:04 | Strength of the Moon |
| 14:06 | Moon Armor |
| 14:41 | Archer |
| 14:44 | Scroll of Town Portal |
| Right click | 456 |
| Select | 176 |
| Build/train/purchase | 74 |
| Use ability | 34 |
| Chat | 13 |
| Minimap ping | 6 |
| Item give/drop | 1 |
| Remove unit | 1 |
⇛